 Dungeon Crawl Stone Soup version 0.26.1 (webtiles) character file.

Game seed: 16629006059232274776

963 swilekon the Magician (level 7, -3/36 HPs)
             Began as a Deep Elf Fire Elementalist on Feb 4, 2021.
             Slain by a centaur (6 damage)
             ... on level 5 of the Dungeon.
             The game lasted 00:13:22 (7046 turns).

swilekon the Magician (Deep Elf Fire Elementalist)  Turns: 7046, Time: 00:13:23

Health: -3/36      AC:  3    Str:  5    XL:     7   Next: 92%
Magic:  8/19       EV: 15    Int: 22    God:
Gold:   254        SH:  0    Dex: 15    Spells: 11/20 levels left

rFire    . . .     SeeInvis .   f - +0 dagger
rCold    . . .     Faith    .   (no shield)
rNeg     . . .     Spirit   .   a - +1 robe
rPois    .         Reflect  .   (no helmet)
rElec    .         Harm     .   (no cloak)
rCorr    .         Rampage  .   (no gloves)
Will     .....                  (no boots)
Stlth    +++.......             (no amulet)
HPRegen  0.12/turn              (no ring)
MPRegen  0.16/turn              (no ring)

@: no status effects
A: no striking features
a: no special abilities


You were on level 5 of the Dungeon.
You visited 1 branch of the dungeon, and saw 5 of its levels.

You collected 254 gold pieces.

Inventory:

Hand Weapons
 f - a +0 dagger (weapon)
Armour
 a - a +1 robe (worn)
Jewellery
 l - an uncursed ring of resist corrosion
 s - an uncursed amulet of the acrobat {unknown}
Wands
 q - a wand of paralysis (14)
 t - a wand of digging (9)
 u - a wand of disintegration (3)
 w - a wand of enslavement (9)
Scrolls
 b - 3 scrolls of remove curse
 c - 4 scrolls of identify
 h - a scroll of magic mapping
 i - a scroll of enchant armour
 k - a scroll of fear
 r - a scroll of amnesia {unknown}
 y - a scroll of fog {unknown}
Potions
 d - a potion of haste {unknown}
 e - a potion of cancellation {unknown}
 g - 3 potions of mutation {unknown}
 j - a potion of degeneration {unknown}
 m - 3 potions of curing {unknown}
 n - 2 potions of ambrosia {unknown}
 o - 2 potions of brilliance {unknown}
 p - a potion of flight {unknown}
 v - a potion of might {unknown}
 x - a potion of lignification {unknown}


   Skills:
 + Level 4.6 Dodging
 + Level 4.9 Stealth
 * Level 7.0 Spellcasting
 + Level 3.8 Conjurations
 * Level 6.3 Fire Magic


You had 11 spell levels left.
You knew the following spells:

 Your Spells              Type           Power        Failure   Level
a - Foxfire               Conj/Fire      100%         1%          1
b - Inner Flame           Hex/Fire       21%          7%          3
c - Fireball              Conj/Fire      15%          28%         5

Your spell library contained the following spells:

 Spells                   Type           Power        Failure   Level
 Conjure Flame            Conj/Fire      30%          3%          3
 Sticky Flame             Conj/Fire      30%          10%         4


Dungeon Overview and Level Annotations

Branches:
Dungeon (5/15)
 Temple: D:4-7

Altars:
Ashenzari
Ru
Yredelemnul
Zin
The Shining One

Shops:
D:5 (

Annotations:
D:5 Pikel


Message History

The centaur hits you.
You conjure some foxfire!
The centaur hits you. x2
Nothing appears to happen.
The foxfire hits the centaur.
The centaur is almost dead.
The centaur hits you!
You are too injured to fight recklessly!
You are too injured to fight recklessly!
Casting: Foxfire (safe; 1% risk of failure)
Confirm with . or Enter, or press ? or * to list all spells.
You conjure some foxfire!
The centaur hits you!
* * * LOW HITPOINT WARNING * * *
The centaur hits you.
* * * LOW HITPOINT WARNING * * *
Casting: Foxfire (safe; 1% risk of failure)
Confirm with . or Enter, or press ? or * to list all spells.
Nothing appears to happen.
The foxfire hits the centaur but does no damage.
The centaur is almost dead.
The centaur hits you.
You die...

#########.
#@c5......
#.########
#.# #.#
###.#
#...#
#.### .
#.# ...
...
#.########
#.>.#.#


You could see a centaur and a white imp.

Vanquished Creatures
  The ghost of casanoah the Gusty, an amateur TeAE (D:3)
  An ogre (D:4)
  A lemure (D:5)
  A big kobold (D:4)
  A bullfrog (D:5)
  A scorpion (D:4)
  3 howler monkeys
  A hound (D:5)
  2 orc wizards (D:4)
  3 iguanas (D:4)
  Ijyb (D:5)
  Natasha (thrice) (D:4)
  A worker ant (D:4)
  A hound skeleton (D:4)
  Robin (D:4)
  3 gnolls (D:4)
  8 adders
  An ooze (D:2)
  6 worms
  A dart slug (D:4)
  5 leopard geckos
  5 orcs
  6 giant cockroaches
  7 hobgoblins
  3 jackals
  7 kobolds
  A quokka (D:4)
  A ball python (D:4)
  11 bats
  6 frilled lizards
  10 goblins
  A leopard gecko skeleton (D:4)
  2 quokka skeletons
  6 rats
112 creatures vanquished.

Vanquished Creatures (others)
  A kobold (D:4)
  462 foxfires
  A fungus (D:5)
464 creatures vanquished.

Grand Total: 576 creatures vanquished

Notes
Turn   | Place    | Note
-------+----------+-------------------------------------------
     0 | D:1      | swilekon the Deep Elf Fire Elementalist began the quest for
                  | the Orb.
     0 | D:1      | Reached XP level 1. HP: 10/10 MP: 6/6
     3 | D:1      | Noticed an electric eel
     4 | D:1      | Noticed an electric eel
   355 | D:1      | Reached XP level 2. HP: 15/15 MP: 4/8
  1138 | D:2      | Found a broken altar of Ashenzari.
  1143 | D:2      | Reached XP level 3. HP: 19/19 MP: 10/10
  1224 | D:2      | Found a glowing golden altar of the Shining One.
  1459 | D:2      | Found a faded altar of an unknown god.
  1691 | D:2      | Found a glowing silver altar of Zin.
  1768 | D:2      | Reached skill level 4 in Spellcasting
  2064 | D:2      | Reached XP level 4. HP: 24/24 MP: 8/12
  2739 | D:3      | Learned a level 3 spell: Inner Flame
  3781 | D:3      | Found a basalt altar of Yredelemnul.
  4101 | D:4      | Noticed Natasha
  4107 | D:4      | Killed Natasha
  4108 | D:4      | Reached XP level 5. HP: 28/28 MP: 6/13
  4172 | D:4      | Noticed an ogre
  4189 | D:4      | Killed an ogre
  4190 | D:4      | Reached skill level 5 in Spellcasting
  4224 | D:4      | Reached XP level 6. HP: 32/32 MP: 4/15
  4282 | D:4      | Noticed Natasha
  4288 | D:4      | Killed Natasha
  4289 | D:4      | Reached skill level 5 in Fire Magic
  4468 | D:4      | Found a runed translucent gate.
  4468 | D:4      | Found a runed translucent gate.
  4470 | D:4      | Found a runed translucent gate.
  4470 | D:4      | Noticed casanoah's ghost (amateur TeAE)
  4471 | D:4      | Identified the cursed +1 short sword of the Fool {drain,
                  | rElec rPois Str+2}
  4487 | D:4      | Learned a level 5 spell: Fireball
  4579 | D:4      | Found a sacrificial altar of Ru.
  4820 | D:4      | Noticed Natasha
  4826 | D:4      | Killed Natasha
  5118 | D:4      | Reached XP level 7. HP: 36/36 MP: 11/17
  5193 | D:4      | Reached skill level 6 in Spellcasting
  5452 | D:4      | Noticed Robin
  5461 | D:4      | Killed Robin
  5832 | D:3      | Killed casanoah's ghost
  6073 | D:5      | Entered Level 5 of the Dungeon
  6594 | D:5      | Noticed Ijyb
  6600 | D:5      | Killed Ijyb
  6730 | D:5      | Noticed Pikel
  6832 | D:5      | Found Quuss's Antique Weapon Emporium.
  6897 | D:5      | Reached skill level 7 in Spellcasting
  7046 | D:5      | Slain by a centaur

Illustrated notes

Levels and vault maps discovered:
D:1:      arrival_aquarium_b, layout_basic, minmay_heptomino_o4
D:2:      layout_basic, tso_metal_star, overflow_temple_1_default,
          ashenzari_altar_1, chequers_ecumenical_altar_island
D:3:      layout_loops_corners, lemuel_coloured_pillars_altar,
          minmay_liquid_box, minmay_distorted
D:4:      layout_loops_ring, gammafunk_ghost_nasty_kobolds,
          minmay_misc_feat_plants, nicolae_ru_great_annihilating_truth,
          uniq_natasha, uniq_robin
D:5:      layout_loops_ring, lemuel_round_altar, elyvilon_altar_5, serial_shops,
          nicolae_shop_overgrown_old_shop, uniq_ijyb, uniq_crazy_yiuf_cottage,
          uniq_pikel

Skill      XL: |  1  2  3  4  5  6  7 |
---------------+----------------------+-----
Stealth        | 3 4 |  4.9
Spellcasting   | 4 5 7 |  7.0
Fire Magic     | 4 5 6 |  6.3
Dodging        | 3 4 |  4.6
Conjurations   | 2 3 |  3.8

Action                   |  1- 3 |  4- 6 |  7- 9 || total
-------------------------+-------+-------+-------++-------
Melee: Dagger            |     2 |    14 |     4 ||    20
 Cast: Foxfire           |    89 |   155 |    85 ||   329
       Inner Flame       |       |     1 |     3 ||     4
  Use: Scroll            |       |     8 |       ||     8
 Stab: Sleeping          |     1 |     2 |       ||     3
Armor: Robe              |     3 |     3 |     4 ||    10
Dodge: Dodged            |    17 |    26 |    14 ||    57
